 Dungeon Crawl Stone Soup version 0.29.0-4-gdea44cf6ec (webtiles) character file.

Game seed: 17425936413162471874

3595 qw the Cleaver (level 9, -1/82 HPs)
             Began as a Minotaur Berserker on Sept 9, 2022.
             Was a Priest of Trog.
             Slain by an orc wizard
             ... wielding a +0 dagger
              (3 damage)
             ... on level 8 of the Dungeon.
             The game lasted 00:02:24 (8850 turns).

qw the Cleaver (Minotaur Berserker)                 Turns: 8850, Time: 00:02:24

Health: -1/82      AC: 15    Str: 27    XL:     9   Next: 85%
Magic:  8/8        EV: 10    Int:  4    God:    Trog [***...]
Gold:   293        SH:  0    Dex:  9    Spells: 8/8 levels left

rFire   + . .      SeeInvis .   Y - +0 hand axe (freeze)
rCold   . . .      Faith    .   (no shield)
rNeg    + . .      Spirit   .   b - +0 pearl dragon scales
rPois   .          Reflect  .   (helmet restricted)
rElec   .          Harm     .   h - +1 cloak
rCorr   .          Rampage  .   (no gloves)
Will    .....                   (no boots)
Stlth   ..........              (no amulet)
HPRegen 0.23/turn               i - ring of protection from fire
MPRegen 0.11/turn               (no ring)

@: on berserk cooldown, slowed, very slow
A: horns 2, retaliatory headbutt
a: Renounce Religion, Berserk, Trog's Hand


You were on level 8 of the Dungeon.
You worshipped Trog.
Trog was most pleased with you.
You visited 1 branch of the dungeon, and saw 9 of its levels.

You collected 401 gold pieces.
You spent 108 gold pieces at shops.


Innate Abilities, Weirdness & Mutations

You have a pair of horns on your head.
You reflexively headbutt those who attack you in melee.


   Skills:
 + Level 8.4 Fighting
 - Level 14.1 Axes
 - Level 6.1 Armour
 - Level 3.0 Dodging


You had 8 spell levels left.
You didn't know any spells.
Your spell library was empty.

Inventory:

Hand Weapons
 c - a +0 flail
 Y - a +0 hand axe of freezing (weapon)
Armour
 b - +0 pearl dragon scales (worn)
 h - a +1 cloak (worn)
Jewellery
 i - a ring of protection from fire (left hand)
Scrolls
 j - a scroll of identify
Potions
 d - a potion of cancellation
 f - a potion of mutation
 m - 3 potions of might

Dungeon Overview and Level Annotations

Branches:
Dungeon (9/15)             Temple (0/1) D:5
   Lair: D:8-11         Orc: D:9-12

Altars:
Dithmenos
Fedhas
Hepliaklqana
Makhleb
Nemelex Xobeh
Ru
Trog
Uskayaw
Vehumet
Wu Jian
Xom

Shops:
D:1 !   D:3 *

Annotations:
D:5 3 runed translucent doors, qw's ghost, novice GrFi


Message History

You feel sick. The hornet barely misses you.
The kobold hits you with a +0 dagger.
The hornet stings you but does no damage.
The orc wizard hits you with a +0 dagger.
You slash the hornet! You freeze the hornet.
The hornet is almost dead.
You hit the kobold. You freeze the kobold. You closely miss the orc priest.
You hit the orc wizard. You freeze the orc wizard.
You feel sick.
The orc priest hits you but does no damage.
The hornet barely misses you. The kobold hits you but does no damage.
You barely miss the hornet.
The hornet is almost dead.
You hit the orc wizard but do no damage.
You hit the kobold. You freeze the kobold.
You kill the kobold!
Trog accepts your kill.
You slash the orc priest! You freeze the orc priest.
You feel sick. The orc wizard completely misses you.
The hornet barely misses you.
The orc priest hits you with a +0 flail.
You hit the hornet but do no damage. Your headbutt misses the hornet.
The hornet is almost dead.
You hit the orc priest. You freeze the orc priest.
You hit the orc wizard but do no damage.
You feel sick.
You are no longer poisoned.
The hornet barely misses you. You furiously retaliate!
You headbutt the hornet!
You kill the hornet!
Trog accepts your kill. The orc wizard closely misses you.
The orc priest invokes the aid of Beogh against you.
You struggle to resist.
Your Armour skill increases to level 6!
You hit the orc priest. You freeze the orc priest.
You kill the orc priest!
Trog accepts your kill.
You barely miss the orc wizard.
The orc wizard hits you with a +0 dagger.
You die...

.....~~.~P~~~~~P.P.
..~~~.P~~~~~~~~~~..
.~~~~P~~~~~~~~P~.)..
~~P~~~~~~~~~~~~......
~~~~~~~~~~~P.........
~~~~~P~~P~~~.....#.#..
~P~~~~~.~.%........#.#
.....~)))............#
......))@#.........#.#
.......)o##..........#
####.#######.?....._.#
#. #####........# #
#.......>...#.#
#.####........#
#####.#..# .# .# . #


You could see an orc wizard.

Vanquished Creatures
  A gargoyle (D:7)
  A troll (D:5)
  A hornet (D:8)
  A shadow (D:9)
  Eustachio (D:6)
  4 water moccasins
  Menkaure (D:5)
  A black bear (D:6)
  An ice beast (D:7)
  2 sky beasts
  3 ogres (D:5)
  2 centaurs
  3 kobold brigands
  8 scorpions
  An electric eel (D:8)
  A crimson imp (D:4)
  3 jellies
  4 orc priests
  A hound (D:6)
  4 iguanas
  4 orc wizards
  A gnoll (D:7)
  4 adders
  A shadow imp (D:5)
  2 white imps
  2 worms
  5 dart slugs
  10 orcs
  6 endoplasms
  5 giant cockroaches
  2 goblins
  6 hobgoblins
  3 quokkas
  7 ball pythons
  6 bats
  2 frilled lizards
  19 kobolds
  5 rats
134 creatures vanquished.

Vanquished Creatures (others)
  10 plants
10 creatures vanquished.

Grand Total: 144 creatures vanquished

Notes
Turn   | Place    | Note
-------+----------+-------------------------------------------
     0 | D:1      | qw the Minotaur Berserker began the quest for the Orb.
     0 | D:1      | Reached XP level 1. HP: 19/19 MP: 0/0
     0 | D:1      | 0 ||| qw: Version: 0.1-a-112-g44dc6cd
     0 | D:1      | 0 ||| qw: Game counter: 6873
     0 | D:1      | 0 ||| qw: Always use a shield: true
     0 | D:1      | 0 ||| qw: Do Orc after D:15 true
     0 | D:1      | 0 ||| qw: Do second Lair branch before Depths: true
     0 | D:1      | 0 ||| qw: Lair rune preference: random
     0 | D:1      | 0 ||| qw: Plans: Normal
     0 | D:1      | 0 ||| PLANNING D:1-11
   172 | D:1      | 172 ||| Stepping ~*~*~tactically~*~*~ (stealth).
   180 | D:1      | Reached skill level 4 in Axes
   188 | D:1      | Reached XP level 2. HP: 26/26 MP: 1/1
   254 | D:1      | Found a faded altar of an unknown god.
   305 | D:1      | Found Kuasafast's Distillery.
   308 | D:1      | 308 ||| SHOPLISTING 2 potions of curing (66 gold, have 29).
   308 | D:1      | 308 ||| SHOPLISTING 2 potions of mutation (176 gold, have
                  | 29).
   308 | D:1      | 308 ||| SHOPLISTING potion of curing (33 gold, have 29).
   308 | D:1      | 308 ||| SHOPLISTING potion of heal wounds (55 gold, have
                  | 29).
   308 | D:1      | 308 ||| SHOPLISTING potion of mutation (88 gold, have 29).
   314 | D:1      | 314 ||| Stepping ~*~*~tactically~*~*~ (stealth).
   315 | D:1      | 315 ||| Stepping ~*~*~tactically~*~*~ (stealth).
   645 | D:1      | 645 ||| UPGRADING to +0 ring mail.
   655 | D:1      | 655 ||| DROPPING +0 animal skin.
   656 | D:1      | 656 ||| UPGRADING to +0 cloak.
   661 | D:1      | 661 ||| UPGRADING to ring of protection from fire.
   662 | D:1      | 662 ||| READING scroll labelled JAKEID RAYF.
   663 | D:1      | 663 ||| READING scroll labelled ZAEFFI ZICUNNU.
   664 | D:1      | 664 ||| READING scroll labelled UDWIMO VINYW.
   665 | D:1      | 665 ||| DRINKING 2 lumpy ruby potions.
   666 | D:1      | 666 ||| DROPPING potion of flight.
   702 | D:2      | Reached skill level 5 in Axes
   785 | D:2      | 785 ||| INVOKING Berserk.
   789 | D:2      | Reached XP level 3. HP: 31/31 MP: 2/2
  1335 | D:2      | Reached ** piety under Trog
  1616 | D:2      | 1616 ||| READING scroll labelled MEFAHO ERHAQ.
  1617 | D:2      | 1617 ||| DRINKING 2 murky black potions.
  1618 | D:2      | 1618 ||| DROPPING potion of brilliance.
  1715 | D:3      | 1715 ||| INVOKING Berserk.
  1929 | D:3      | Found Wuwawo's General Store.
  1938 | D:3      | 1938 ||| BUYING potion of might (48 gold).
  1938 | D:3      | Bought a potion of might for 48 gold pieces
  1938 | D:3      | 1938 ||| SHOPLISTING scroll of brand weapon (114 gold, have
                  | 62).
  1938 | D:3      | 1938 ||| BUYING scroll of identify (24 gold).
  1938 | D:3      | Bought a scroll of identify for 24 gold pieces
  1938 | D:3      | 1938 ||| BUYING scroll of teleportation (36 gold).
  1938 | D:3      | Bought a scroll of teleportation for 36 gold pieces
  1938 | D:3      | 1938 ||| SHOPLISTING scroll of teleportation (36 gold, have
                  | 2).
  2127 | D:3      | Reached skill level 6 in Axes
  2127 | D:3      | Reached XP level 4. HP: 35/39 MP: 3/3
  2159 | D:3      | 2159 ||| DROPPING +0 club.
  2229 | D:3      | Found a shadowy altar of Dithmenos.
  2703 | D:3      | 2703 ||| DROPPING scarf of shadows.
  2704 | D:3      | 2704 ||| UPGRADING to +0 scale mail.
  2714 | D:3      | 2714 ||| DROPPING +0 ring mail.
  2715 | D:3      | 2715 ||| READING scroll labelled ZICHAR LUAL.
  2716 | D:3      | 2716 ||| READING scroll labelled WAEXET NASUOSA.
  2717 | D:3      | 2717 ||| DRINKING 2 black potions.
  2718 | D:3      | 2718 ||| READING 3 scrolls of identify.
  2718 | D:3      | 2718 ||| IDENTIFYING coppery potion
  2719 | D:3      | 2719 ||| READING 2 scrolls of identify.
  2719 | D:3      | 2719 ||| IDENTIFYING red potion
  2720 | D:3      | 2720 ||| DROPPING potion of attraction.
  2772 | D:4      | Noticed a scorpion
  2782 | D:4      | Killed a scorpion
  2783 | D:4      | Reached skill level 7 in Axes
  2783 | D:4      | Reached XP level 5. HP: 24/45 MP: 4/4
  2790 | D:4      | HP: 11/45 [poisoned by a scorpion]
  3064 | D:4      | Found a burning altar of Makhleb.
  3065 | D:4      | 3065 ||| Stepping ~*~*~tactically~*~*~ (hiding).
  3095 | D:4      | Found a radiant altar of Vehumet.
  3118 | D:4      | HP: 11/46 [poisoned by a scorpion]
  3387 | D:4      | Found a shimmering altar of Xom.
  3433 | D:4      | 3433 ||| INVOKING Berserk.
  3435 | D:4      | Reached XP level 6. HP: 37/52 MP: 5/5
  3507 | D:4      | 3507 ||| FLEEEEING.
  3508 | D:4      | 3508 ||| FLEEEEING.
  3513 | D:4      | 3513 ||| FLEEEEING.
  3514 | D:4      | 3514 ||| FLEEEEING.
  3516 | D:4      | 3516 ||| FLEEEEING.
  3518 | D:4      | 3518 ||| FLEEEEING.
  3519 | D:4      | 3519 ||| FLEEEEING.
  3520 | D:4      | 3520 ||| FLEEEEING.
  3521 | D:4      | 3521 ||| FLEEEEING.
  3526 | D:4      | 3526 ||| FLEEEEING.
  3527 | D:4      | 3527 ||| FLEEEEING.
  3528 | D:4      | 3528 ||| FLEEEEING.
  3529 | D:4      | 3529 ||| FLEEEEING.
  3530 | D:4      | 3530 ||| FLEEEEING.
  3531 | D:4      | 3531 ||| FLEEEEING.
  3539 | D:4      | 3539 ||| FLEEEEING.
  3540 | D:4      | 3540 ||| FLEEEEING.
  3541 | D:4      | 3541 ||| FLEEEEING.
  3542 | D:4      | 3542 ||| FLEEEEING.
  3543 | D:4      | 3543 ||| FLEEEEING.
  3544 | D:4      | 3544 ||| STAIRDANCE
  3579 | D:3      | 3579 ||| READING scroll labelled REETHR SOASIBOU.
  3587 | D:4      | 3587 ||| STAIRDANCE
  3713 | D:4      | 3713 ||| READING scroll of enchant armour.
  3713 | D:4      | 3713 ||| ENCHANTING +0 cloak.
  3764 | D:4      | Found an ornate altar of the Wu Jian Council.
  3919 | D:4      | Reached skill level 8 in Axes
  4030 | D:4      | Noticed a +0 dagger
  4030 | D:4      | Noticed a +0 short sword
  4031 | D:4      | Noticed a +0 dagger
  4032 | D:4      | Noticed a +0 spear
  4037 | D:4      | Noticed a +0 falchion
  4037 | D:4      | Noticed a +0 spear
  4038 | D:4      | Noticed a +0 falchion
  4039 | D:4      | Noticed a +0 short sword
  4047 | D:4      | Found a hide-covered altar of Uskayaw.
  4142 | D:4      | Found a blossoming altar of Fedhas.
  4258 | D:4      | 4258 ||| READING 3 scrolls of identify.
  4258 | D:4      | 4258 ||| IDENTIFYING dark potion
  4259 | D:4      | 4259 ||| READING 2 scrolls of identify.
  4259 | D:4      | 4259 ||| IDENTIFYING amethyst potion
  4282 | D:5      | Entered Level 5 of the Dungeon
  4351 | D:5      | Found a runed translucent gate.
  4352 | D:5      | Found a runed translucent gate.
  4353 | D:5      | Found a runed translucent gate.
  4353 | D:5      | Noticed qw's ghost (novice GrFi)
  4395 | D:5      | 4395 ||| INVOKING Berserk.
  4526 | D:5      | 4526 ||| INVOKING Berserk.
  4529 | D:5      | Reached skill level 9 in Axes
  4748 | D:5      | Noticed Menkaure
  4749 | D:5      | 4749 ||| Stepping ~*~*~tactically~*~*~ (hiding).
  4754 | D:5      | 4754 ||| INVOKING Berserk.
  4757 | D:5      | Killed Menkaure
  4758 | D:5      | Reached XP level 7. HP: 61/61 MP: 6/6
  4891 | D:5      | Found a staircase to the Ecumenical Temple.
  4949 | D:5      | 4949 ||| DROPPING +0 whip.
  4977 | D:5      | 4977 ||| INVOKING Berserk.
  4981 | D:5      | Reached skill level 10 in Axes
  5256 | D:5      | 5256 ||| INVOKING Berserk.
  5399 | D:5      | 5399 ||| Stepping ~*~*~tactically~*~*~ (stealth).
  5401 | D:5      | 5401 ||| Stepping ~*~*~tactically~*~*~ (stealth).
  5404 | D:5      | 5404 ||| Stepping ~*~*~tactically~*~*~ (stealth).
  5406 | D:5      | 5406 ||| Stepping ~*~*~tactically~*~*~ (hiding).
  5414 | D:5      | 5414 ||| DRINKING 2 potions of curing.
  5414 | D:5      | 5414 ||| (to cure confusion)
  5416 | D:5      | Reached skill level 6 in Fighting
  5421 | D:5      | 5421 ||| DROPPING +1 antimagic whip.
  5435 | D:5      | Found a sparkling altar of Nemelex Xobeh.
  5502 | D:5      | Reached XP level 8. HP: 70/70 MP: 7/7
  5571 | D:5      | Noticed a troll
  5572 | D:5      | 5572 ||| Stepping ~*~*~tactically~*~*~ (stealth).
  5653 | D:5      | 5653 ||| Stepping ~*~*~tactically~*~*~ (stealth).
  5656 | D:5      | 5656 ||| INVOKING Berserk.
  5660 | D:5      | Killed a troll
  5661 | D:5      | Reached skill level 11 in Axes
  5898 | D:5      | 5898 ||| READING scroll labelled ILLAGA QAITUR.
  5899 | D:5      | 5899 ||| READING scroll labelled WAKLEN XULY.
  6035 | D:6      | 6035 ||| PLANNING OSSUARY
  6037 | D:6      | 6037 ||| FLEEEEING.
  6038 | D:6      | 6038 ||| STAIRDANCE
  6158 | D:6      | 6158 ||| STAIRDANCE
  6329 | D:6      | 6329 ||| STAIRDANCE
  6401 | D:6      | 6401 ||| STAIRDANCE
  6573 | D:6      | Reached skill level 3 in Armour
  6594 | D:6      | 6594 ||| Stepping ~*~*~tactically~*~*~ (stealth).
  6598 | D:6      | 6598 ||| Stepping ~*~*~tactically~*~*~ (stealth).
  6622 | D:6      | Found a bloodstained altar of Trog.
  6687 | D:6      | 6687 ||| RIP OSSUARY
  6689 | D:6      | 6689 ||| PLANNING D:1-11
  6705 | D:6      | Reached skill level 12 in Axes
  6720 | D:6      | 6720 ||| INVOKING Berserk.
  7187 | D:6      | Noticed Eustachio
  7191 | D:6      | 7191 ||| INVOKING Berserk.
  7209 | D:6      | Killed Eustachio
  7220 | D:6      | Reached XP level 9. HP: 53/79 MP: 8/8
  7221 | D:6      | 7221 ||| DRINKING potion of curing.
  7221 | D:6      | 7221 ||| (to cure confusion)
  7228 | D:6      | 7228 ||| Stepping ~*~*~tactically~*~*~ (stealth).
  7532 | D:6      | 7532 ||| UPGRADING to +0 acid dragon scales.
  7542 | D:6      | 7542 ||| DROPPING +0 scale mail.
  7543 | D:6      | 7543 ||| READING scroll labelled QATI GUUGICW.
  7544 | D:6      | 7544 ||| READING 2 scrolls of identify.
  7544 | D:6      | 7544 ||| IDENTIFYING clear potion
  7545 | D:6      | 7545 ||| DROPPING potion of ambrosia.
  7564 | D:7      | 7564 ||| STAIRDANCE
  7568 | D:7      | 7568 ||| STAIRDANCE
  7571 | D:6      | Reached skill level 13 in Axes
  7575 | D:7      | 7575 ||| STAIRDANCE
  7582 | D:7      | 7582 ||| STAIRDANCE
  7620 | D:7      | Reached skill level 3 in Dodging
  7711 | D:7      | Noticed a gargoyle
  7712 | D:7      | 7712 ||| Stepping ~*~*~tactically~*~*~ (hiding).
  7728 | D:7      | 7728 ||| INVOKING Berserk.
  7730 | D:7      | HP: 27/118 [gargoyle/+0 flail (4)]
  7733 | D:7      | Killed a gargoyle
  8037 | D:7      | 8037 ||| Stepping ~*~*~tactically~*~*~ (hiding).
  8039 | D:7      | 8039 ||| INVOKING Berserk.
  8242 | D:7      | 8242 ||| Stepping ~*~*~tactically~*~*~ (hiding).
  8243 | D:7      | 8243 ||| Stepping ~*~*~tactically~*~*~ (hiding).
  8244 | D:7      | 8244 ||| Stepping ~*~*~tactically~*~*~ (hiding).
  8253 | D:7      | 8253 ||| INVOKING Berserk.
  8263 | D:7      | 8263 ||| FLEEEEING.
  8264 | D:7      | 8264 ||| FLEEEEING.
  8266 | D:7      | 8266 ||| FLEEEEING.
  8267 | D:7      | 8267 ||| FLEEEEING.
  8268 | D:7      | 8268 ||| FLEEEEING.
  8269 | D:7      | 8269 ||| FLEEEEING.
  8270 | D:7      | 8270 ||| STAIRDANCE
  8393 | D:6      | 8393 ||| UPGRADING to +0 chain mail.
  8403 | D:6      | 8403 ||| DROPPING +0 acid dragon scales.
  8412 | D:7      | 8412 ||| Stepping ~*~*~tactically~*~*~ (stealth).
  8415 | D:7      | 8415 ||| Stepping ~*~*~tactically~*~*~ (stealth).
  8417 | D:7      | 8417 ||| Stepping ~*~*~tactically~*~*~ (hiding).
  8418 | D:7      | 8418 ||| Stepping ~*~*~tactically~*~*~ (stealth).
  8420 | D:7      | 8420 ||| INVOKING Berserk.
  8606 | D:7      | You fall into a shaft and drop 2 floors!
  8619 | D:9      | 8619 ||| Stepping ~*~*~tactically~*~*~ (stealth).
  8619 | D:9      | Found a hazy altar of Hepliaklqana.
  8623 | D:9      | 8623 ||| Stepping ~*~*~tactically~*~*~ (stealth).
  8646 | D:9      | 8646 ||| Stepping ~*~*~tactically~*~*~ (stealth).
  8646 | D:9      | Reached *** piety under Trog
  8801 | D:9      | 8801 ||| UPGRADING to +0 pearl dragon scales.
  8811 | D:9      | 8811 ||| DROPPING +0 chain mail.
  8820 | D:8      | Found a sacrificial altar of Ru.
  8825 | D:8      | 8825 ||| INVOKING Berserk.
  8838 | D:8      | Reached skill level 14 in Axes
  8838 | D:8      | Paralysed by a hornet for 1 turns
  8841 | D:8      | HP: 18/82 [poisoned by a hornet]
  8842 | D:8      | 8842 ||| READING scroll of teleportation.
  8842 | D:8      | HP: 6/82 [hornet (4)]
  8843 | D:8      | 8843 ||| DRINKING 2 potions of heal wounds.
  8844 | D:8      | 8844 ||| DRINKING potion of heal wounds.
  8844 | D:8      | Paralysed by a hornet for 1 turns
  8847 | D:8      | HP: 6/82 [poisoned by a hornet]
  8849 | D:8      | HP: 2/82 [poisoned by a hornet]
  8850 | D:8      | Reached skill level 6 in Armour
  8850 | D:8      | Slain by an orc wizard

Levels and vault maps discovered:
D:1:      lightli_arrival_chessboard, layout_basic, serial_shops,
          nicolae_shop_behind_doors, hellmonk_ecumenical_altar_prayer_group
D:2:      layout_loops_corners, amethyst_killhole, kennysheep_generic_room_9
D:3:      layout_loops_corners, mainiacjoe_overflow_paths, serial_shops,
          nicolae_square_shop
D:4:      layout_basic, grunt_temple_overflow_lords_of_destruction,
          mainiacjoe_overflow_alcove_2, mainiacjoe_overflow_catwalk,
          fedhas_altar_decomposition, nicolae_uskayaw_en_pointe
D:5:      layout_loops_ring, nemelex_spade_bored_becter,
          minmay_temple_entry_nine_rooms, ebering_ghost_rock_garden,
          kennysheep_path_1, uniq_menkaure
D:6:      layout_cave_pools, old_standard_altar, nicolae_ossuary_entry_ruins,
          uniq_eustachio
D:7:      layout_basic, minmay_fractal_squares_5
D:8:      layout_basic, lemuel_doored_altar, mainiacjoe_overflow_tiny_flanked,
          david_lair_shrubbed, enter_bailey_2, chequers_big_river,
          minmay_lizard_king
D:9:      wander_river, layout_cave_pools, nicolae_hepliaklqana_hazy_memory,
          serial_shops, kennysheep_little_box

Skill      XL: |  1  2  3  4  5  6  7  8  9 |
---------------+----------------------------+-----
Axes           | 4 5 6 7 9 10 12 14 | 14.1
Fighting       | 4 5 6 7 8 |  8.4
Armour         | 3 6 |  6.1
Dodging        | 3 |  3.0

Action                   |  1- 3 |  4- 6 |  7- 9 || total
-------------------------+-------+-------+-------++-------
Melee: Hand axe          |    79 |    95 |   200 ||   374
       Headbutt          |     6 |    15 |    32 ||    53
       Punch             |     1 |     1 |     2 ||     4
Throw: Boomerang         |    14 |       |       ||    14
Invok: Berserk           |     2 |     4 |    10 ||    16
  Use: Scroll            |     4 |     8 |     5 ||    17
       Potion            |     2 |     1 |     4 ||     7
Armor: Animal skin       |     4 |       |       ||     4
       Ring mail         |    19 |     5 |       ||    24
       Scale mail        |       |    20 |    32 ||    52
       Acid dragon scale |       |       |    29 ||    29
       Pearl dragon scal |       |       |    17 ||    17
       Chain mail        |       |       |     7 ||     7
Dodge: Dodged            |    33 |    24 |    82 ||   139

Table legend:
 A = Non-vault XP
 B = Vault XP
 C = Vault XP percentage of total XP
 D = Non-vault monster count
 E = Vault monster count
 F = Vault count percentage of total count
                 A         B        C        D         E       F
            +---------+---------+-------+---------+---------+-------
      Total |    4480 |     699 |  13.5 |     125 |       9 |   6.7
            +---------+---------+-------+---------+---------+-------
        D:1 |      29 |       0 |   0.0 |      15 |       0 |   0.0
        D:2 |      31 |       2 |   6.1 |      15 |       1 |   6.2
        D:3 |      71 |       0 |   0.0 |      19 |       0 |   0.0
        D:4 |     298 |      48 |  13.9 |      12 |       1 |   7.7
        D:5 |    1227 |     151 |  11.0 |      14 |       1 |   6.7
        D:6 |    1064 |     196 |  15.6 |      20 |       1 |   4.8
        D:7 |     728 |     302 |  29.3 |      13 |       5 |  27.8
        D:8 |     545 |       0 |   0.0 |      11 |       0 |   0.0
        D:9 |     487 |       0 |   0.0 |       6 |       0 |   0.0
            +---------+---------+-------+---------+---------+-------
